Selects Luftwaffe Battlegroup
Selects Luftwaffe Pioneer Support
Fallschirmpioneer Squad Paradrop
Fallschirmpioneer Squad Paradrop
Construct Infanterie Kompanie
Fallschirmpioneer Squad Paradrop
Infanterie Officer Quarters
Selects LG40 Recoilless Gun Paradrop
Construct Panzergrenadier Kompanie
Pak 40 Anti-tank Gun Team
Selects Stuka Strafing Run
Selects Fallschirmjäger Squad Paradrop
LG40 Recoilless Gun Paradrop
Fallschirmjäger Squad Paradrop
Panzergrenadier Officer Quarters
Fallschirmjäger Squad Paradrop
Fallschirmjäger Squad Paradrop